 Dungeon Crawl Stone Soup version 0.28.0-43-g3370ac3207 (webtiles) character file.

Game seed: 8152675847813093621

122 styxcanada the Sneak (level 4, -4/23 HPs)
             Began as a Spriggan Brigand on Mar 27, 2022.
             Killed from afar by a white imp (11 damage)
             ... with a puff of frost
             ... on level 3 of the Dungeon.
             The game lasted 00:09:47 (2657 turns).

styxcanada the Sneak (Spriggan Brigand)             Turns: 2657, Time: 00:09:48

Health: -4/23      AC:  3    Str:  7    XL:     4   Next: 78%
Magic:  0/5        EV: 16    Int: 12    God:
Gold:   71         SH:  6    Dex: 18    Spells: 3/3 levels left

rFire   . . .      SeeInvis +   a - +2 dagger
rCold   . . .      Faith    .   m - +0 buckler
rNeg    . . .      Spirit   +   b - +0 robe
rPois   +          Reflect  .   (helmet restricted)
rElec   .          Harm     .   c - +0 cloak
rCorr   .          Rampage  .   (gloves unavailable)
Will    .....                   (boots unavailable)
Stlth   ++++......              i - amulet of guardian spirit
HPRegen 0.07/turn               o - ring of poison resistance
MPRegen 0.09/turn               (no ring)

@: very quick
A: very small, no large weapons, unfitting armour, see invisible, speed 3
a: no special abilities


You were on level 3 of the Dungeon.
You visited 1 branch of the dungeon, and saw 3 of its levels.

You collected 71 gold pieces.

Inventory:

Hand Weapons
 a - a +2 dagger (weapon)
Missiles
 d - 4 poisoned darts (quivered)
 e - a curare-tipped dart
 l - 99 stones
Armour
 b - a +0 robe (worn)
 c - a +0 cloak (worn)
 m - a +0 buckler (worn)
Jewellery
 i - an amulet of guardian spirit (around neck)
 o - a ring of poison resistance (left hand)
Scrolls
 f - a scroll of amnesia
Potions
 g - 2 potions of berserk rage
 h - a potion of curing {unknown}
 k - a potion of heal wounds {unknown}
 p - a potion of brilliance {unknown}
 q - a potion of mutation {unknown}


   Skills:
 * Level 2.0 Fighting
 + Level 2.7 Short Blades
 + Level 2.1 Throwing
 * Level 2.4 Dodging
 * Level 7.9 Stealth
 * Level 0.7 Shields


You had 3 spell levels left.
You didn't know any spells.
Your spell library was empty.

Dungeon Overview and Level Annotations

Branches:
Dungeon (3/15)

Altars:
Hepliaklqana
Vehumet

Annotations:
D:3 Natasha


Innate Abilities, Weirdness & Mutations

You are very small and have problems with some larger weapons.
You are too small for most types of armour.
You have supernaturally acute eyesight. (SInv)
You cover ground extremely quickly. (Speed+++)


Message History

You feel troubled.
Natasha zaps a wand.
The puff of flame hits you.
You feel a bit more experienced.
Your Fighting skill increases to level 2!
You start resting.
Magic restored.
You see here the felid corpse of Natasha.
e - a curare-tipped dart
d - a poisoned dart
d - 2 poisoned darts (gained 1)
d - 7 poisoned darts (gained 5)
You start resting.
Natasha, Servant of Life and Death comes into view.
She is carrying a wand of flame (8).
Throw: 7 darts (poison)
Press: ? - help, Q - select action, (/) - cycle Shift-Dir - straight line, f - Natasha
Aim: Natasha, carrying a wand of flame (8) (wandering, hasn't noticed you, 56% to hit)
You throw a poisoned dart.
The poisoned dart closely misses Natasha.
Natasha hisses angrily.
Natasha zaps a wand.
You block the puff of flame.
Throw: 6 darts (poison)
Press: ? - help, Q - select action, (/) - cycle Shift-Dir - straight line, f/p - Natasha
Aim: Natasha, carrying a wand of flame (7) (56% to hit)
You throw a poisoned dart.
The poisoned dart barely misses Natasha.
Natasha zaps a wand.
The puff of flame hits you.
Throw: 5 darts (poison)
Press: ? - help, Q - select action, (/) - cycle Shift-Dir - straight line, f/p - Natasha
Aim: Natasha, carrying a wand of flame (6) (56% to hit)
You throw a poisoned dart. The poisoned dart hits Natasha.
Natasha is poisoned.
Natasha casts a spell at you. The magic dart hits you.
* * * LOW HITPOINT WARNING * * *
You see here a +0 hand axe.
A white imp comes into view.
The white imp shouts!
The white imp sputters.
The white imp gestures at you. The puff of frost hits you!
You die...

####.#...... #.....<...#.
##........#..
#......^..†..
#.#.....#))..
#.##...##...#
#.###.###...#
...#########.# ### #...#
...5...@..##.# #....
...######.##.# #..##
#.##.#######..##
##.##...........#
#.......#####...#
##########.###.#.# #...#
#....>##.......#.# #...#
#.....##.#.##..#.#####...#
#.....##.#................


You could see a white imp.

Vanquished Creatures
  Natasha (twice) (D:3)
  An adder (D:3)
  A dart slug (D:2)
  5 endoplasms
  2 giant cockroaches (D:1)
  10 goblins
  8 hobgoblins
  2 jackals (D:1)
  4 quokkas
  4 ball pythons
  6 bats
  2 frilled lizards (D:2)
  5 kobolds
  6 rats
58 creatures vanquished.

Notes
Turn   | Place    | Note
-------+----------+-------------------------------------------
     0 | D:1      | styxcanada the Spriggan Brigand began the quest for the
                  | Orb.
     0 | D:1      | Reached XP level 1. HP: 10/10 MP: 2/2
    49 | D:1      | Reached skill level 6 in Stealth
   347 | D:1      | Found a faded altar of an unknown god.
   357 | D:1      | Reached XP level 2. HP: 10/15 MP: 3/3
   610 | D:1      | Reached skill level 7 in Stealth
  1217 | D:2      | Reached XP level 3. HP: 18/18 MP: 4/4
  1982 | D:3      | Found a radiant altar of Vehumet.
  2217 | D:3      | Found a hazy altar of Hepliaklqana.
  2331 | D:3      | Noticed Natasha
  2340 | D:3      | Killed Natasha
  2341 | D:3      | Reached XP level 4. HP: 23/23 MP: 5/5
  2531 | D:3      | Noticed Natasha
  2560 | D:3      | Killed Natasha
  2629 | D:3      | Noticed Natasha
  2657 | D:3      | Killed from afar by a white imp

Illustrated notes

Levels and vault maps discovered:
D:1:      psy_arrival_dodecagon, layout_loops_ring,
          ebering_ecumenical_altar_sacrificial,
          nicolae_concentric_dashed_squares_mild
D:2:      layout_rooms
D:3:      layout_loops_cross, fiery_altar_vehumet,
          nicolae_hepliaklqana_hippocampus, serial_bayou_lake_a, uniq_natasha

Skill      XL: |  1  2  3  4 |
---------------+-------------+-----
Stealth        | 6 7 |  7.9
Dodging        | 2 |  2.4
Fighting       | 2 |  2.0
Short Blades   | |  2.7
Throwing       | |  2.1
Shields        | |  0.7

Action                   |  1- 3 |  4- 6 || total
-------------------------+-------+-------++-------
Melee: Dagger            |   165 |     6 ||   171
       Punch             |     1 |       ||     1
Throw: Dart              |    18 |    12 ||    30
  Use: Scroll            |     6 |       ||     6
 Stab: Sleeping          |     9 |     2 ||    11
       Distracted        |     1 |       ||     1
Armor: Robe              |    27 |     2 ||    29
Dodge: Dodged            |   101 |     6 ||   107
Block: Buckler           |    23 |     6 ||    29
